 Dungeon Crawl Stone Soup version 0.29-a0-219-g0a02b1cf4f (webtiles) character file.

Game seed: 14748356130714922438

410 tilp the Chiller (level 6, 28/28 HPs)
             Began as a Felid Ice Elementalist on Feb 25, 2022.
             Quit the game on level 5 of the Dungeon.
             The game lasted 00:05:29 (4796 turns).

tilp the Chiller (Felid Ice Elementalist)           Turns: 4796, Time: 00:05:30

Health: 28/28      AC:  2    Str:  7    XL:     6   Next: 58%
Magic:  11/11      EV: 17    Int: 19    God:
Gold:   240        SH:  0    Dex: 11    Spells: 4/11 levels left
                                        Lives:  1   Deaths: 1

rFire   + . .      SeeInvis +     - Unarmed
rCold   . . .      Faith    .   (shield unavailable)
rNeg    . . .      Spirit   .   (body armour unavailable)
rPois   .          Reflect  .   (helmet unavailable)
rElec   .          Harm     .   (cloak unavailable)
rCorr   +          Rampage  .   (gloves unavailable)
Will    .....                   (boots unavailable)
Stlth   +++.......              (no amulet)
HPRegen 0.09/turn               c - ring "Tolav" {rF+ rCorr Str+3 Dex-5}
MPRegen 0.12/turn               (no ring)

@: quick
A: very small, claws 1, fangs 3, see invisible, speed 1, shaggy fur 2, stealthy
paws, no weapons or thrown items, no armour, multi-lived
a: no special abilities


You were on level 5 of the Dungeon.
You visited 1 branch of the dungeon, and saw 5 of its levels.

You collected 240 gold pieces.

Inventory:

Jewellery
 c - the ring "Tolav" (left paw) {rF+ rCorr Str+3 Dex-5}
   (You found it on level 4 of the Dungeon)

   [ring of protection from fire]

   Str:       It affects your strength (+3).
   Dex:       It affects your dexterity (-5).
   rF:        It protects you from fire.
   rCorr:     It protects you from acid and corrosion.
Scrolls
 f - a scroll of blinking
Potions
 a - a potion of haste
 b - 2 potions of berserk rage
 d - 2 potions of magic
 e - a potion of heal wounds
 g - 2 potions of attraction
 h - 2 potions of curing {unknown}


   Skills:
 * Level 3.3 Fighting
 - Level 4.0 Dodging
 + Level 4.5 Stealth
 * Level 3.3 Unarmed Combat
 - Level 3.0 Spellcasting
 - Level 6.0 Ice Magic


You had 4 spell levels left.
You knew the following spells:

 Your Spells              Type           Power      Damage    Failure   Level
a - Freeze                Ice            100%       1d11      1%          1
b - Frozen Ramparts       Ice            50%        1d7       3%          3
c - Ozocubu's Armour      Ice            25%        N/A       3%          3

Your spell library contained the following spells:

 Spells                   Type           Power      Damage    Failure   Level
 Hailstorm                Conj/Ice       14%        3d5       41%         4


Dungeon Overview and Level Annotations

Branches:
Dungeon (5/15)
 Temple: D:4-7

Altars:
Dithmenos
Elyvilon
Yredelemnul
Zin


Innate Abilities, Weirdness & Mutations

You have sharp claws.
You have razor-sharp teeth.
You have supernaturally acute eyesight. (SInv)
You cover ground quickly. (Speed+)
You are covered in thick fur. (AC +2)
Your paws help you pounce on unaware monsters.
You are incapable of wielding weapons or throwing items.
You cannot wear armour.
You gain extra lives every three experience levels.


Message History

Casting: Frozen Ramparts (dangerous; 3% risk of failure)
Press: ? - help, Dir - look around, f - activate You miscast Frozen Ramparts.
You are very lightly contaminated with residual magic.
Nothing appears to happen.
The gnoll sergeant hits you from afar with a +0 spear!
The gnoll misses you.
Unknown command.
Casting: Frozen Ramparts (dangerous; 3% risk of failure)
Confirm with . or Enter, or press ? or * to list all spells.
Casting: Frozen Ramparts (dangerous; 3% risk of failure)
Press: ? - help, Dir - look around, f - activate The walls around you are covered in ice.
The wall freezes the gnoll!
The gnoll barely misses you.
The wall freezes the gnoll sergeant!
The gnoll sergeant hits you from afar with a +0 spear!
* * * LOW HITPOINT WARNING * * *
The wall freezes the gnoll.
The gnoll closely misses you.
Casting: Frozen Ramparts (dangerous; 3% risk of failure)
Confirm with . or Enter, or press ? or * to list all spells.
You miscast Ozocubu's Armour.
Nothing appears to happen.
The wall freezes the gnoll.
The gnoll misses you.
The wall freezes the gnoll sergeant.
The gnoll sergeant misses you.
The wall freezes the gnoll.
The gnoll barely misses you.
Unknown command.
Casting: Ozocubu's Armour (dangerous; 3% risk of failure)
Confirm with . or Enter, or press ? or * to list all spells.
You miscast Ozocubu's Armour.
Nothing appears to happen.
The wall freezes the gnoll.
The gnoll hits you with a +0 flail.
* * * LOW HITPOINT WARNING * * *
The wall freezes the gnoll sergeant!
The gnoll sergeant hits you from afar with a +0 spear!
You die...
The wall freezes the gnoll.
You kill the gnoll!
You are now level 6!
You rejoin the land of the living...
Unknown command.
Unknown command.
Are you sure you want to abandon this character and quit the game? (Confirm with "yes".)

# #. # .#
#. .#
#.#..##.#
#....@.#
#.#..####
.... ##.#
.. # ..
.# #.# .#
#.# ##.##
#^# #...#


There were no monsters in sight!

Vanquished Creatures
  A sky beast (D:5)
  A black bear (D:3)
  An ogre (D:3)
  5 scorpions
  2 iguanas
  6 adders
  4 gnolls
  A worm (D:4)
  3 dart slugs
  7 bats
  12 endoplasms
  4 giant cockroaches
  10 goblins
  5 hobgoblins
  5 quokkas
  2 ball pythons
  3 frilled lizards
  4 kobolds
  6 rats
82 creatures vanquished.

Notes
Turn   | Place    | Note
-------+----------+-------------------------------------------
     0 | D:1      | tilp the Felid Ice Elementalist began the quest for the
                  | Orb.
     0 | D:1      | Reached XP level 1. HP: 7/7 MP: 4/4
   160 | D:1      | Reached XP level 2. HP: 9/11 MP: 3/6
   278 | D:1      | Reached skill level 4 in Ice Magic
   393 | D:1      | Found a faded altar of an unknown god.
  1079 | D:2      | Reached XP level 3. HP: 14/14 MP: 3/7
  1083 | D:2      | Learned a level 3 spell: Frozen Ramparts
  1139 | D:2      | Learned a level 3 spell: Ozocubu's Armour
  1402 | D:2      | Found a shadowy altar of Dithmenos.
  2036 | D:3      | Reached XP level 4. HP: 18/18 MP: 4/9
  2541 | D:3      | Reached skill level 5 in Ice Magic
  2632 | D:3      | Found a white marble altar of Elyvilon.
  2639 | D:3      | Noticed a scorpion
  2647 | D:3      | Killed a scorpion
  2648 | D:3      | Reached XP level 5. HP: 20/21 MP: 5/10
  2700 | D:3      | Noticed a black bear
  2714 | D:3      | Killed a black bear
  2715 | D:3      | Reached skill level 6 in Ice Magic
  2816 | D:3      | Noticed an ogre
  2821 | D:3      | Killed an ogre
  2822 | D:3      | Reached skill level 1 in Fighting
  2822 | D:3      | Reached skill level 1 in Unarmed Combat
  2822 | D:3      | Gained mutation: You are covered in thick fur. (AC +2)
                  | [Felid growth]
  2822 | D:3      | Reached XP level 6. HP: 25/25 MP: 2/11
  2978 | D:3      | Found a basalt altar of Yredelemnul.
  2978 | D:3      | Found a glowing silver altar of Zin.
  3078 | D:4      | Identified the ring "Tolav" {rF+ rCorr Str+3 Dex-5}
  3487 | D:4      | Reached XP level 7. HP: 18/30 MP: 8/12
  4556 | D:5      | Entered Level 5 of the Dungeon
  4795 | D:5      | Mangled by a gnoll sergeant
  4796 | D:5      | Reached XP level 6. HP: -7/28 MP: 0/11
  4796 | D:5      | Quit the game

Illustrated notes

Levels and vault maps discovered:
D:1:      dpeg_arrival_simpleton_c, layout_loops_ring,
          chequers_ecumenical_altar_simple
D:2:      layout_loops_ring, basic_altar, minmay_tetromino_l2
D:3:      layout_rooms, mainiacjoe_overflow_concentric_impassable,
          gammafunk_temple_overflow_pools, grunt_ministairs_15
D:4:      layout_basic
D:5:      layout_loops_ring, lightli_sewer_entry_pipes, serial_shops,
          nicolae_shop_stone, uniq_sigmund

Skill      XL: |  1  2  3  4  5  6  7 |
---------------+----------------------+-----
Ice Magic      | 4 5 6 |  6.0
Spellcasting   | 3 |  3.0
Fighting       | 1 2 3 |  3.3
Dodging        | 3 4 |  4.0
Stealth        | 3 4 |  4.5
Unarmed Combat | 1 2 3 |  3.3

Action                   |  1- 3 |  4- 6 |  7- 9 || total
-------------------------+-------+-------+-------++-------
Melee: Unarmed           |    13 |    12 |     6 ||    31
       Bite              |     1 |       |       ||     1
       Punch             |       |       |     1 ||     1
 Cast: Freeze            |    42 |    26 |    17 ||    85
       Frozen Ramparts   |     3 |    10 |     6 ||    19
       Ozocubu's Armour  |       |     4 |     2 ||     6
  Use: Scroll            |    10 |     1 |     1 ||    12
 Stab: Sleeping          |     9 |     7 |     4 ||    20
Armor: Skin              |     2 |     6 |     1 ||     9
Dodge: Dodged            |    28 |    29 |    19 ||    76

Table legend: (Time is in decaauts)
 A = Elapsed time spent in this place.
 B = Non-inter-level travel time spent in this place.
 C = Inter-level travel time spent in this place.
 D = Time resting spent in this place.
 E = Time spent auto-exploring this place.
 F = Levels seen in this place.
 G = Mean time per level.
                   A        B        C        D        E       F      G
               +--------+--------+--------+--------+--------+-----+--------+
         Total |   4309 |   4241 |     68 |    329 |   3414 |   5 |  861.8 |
       Dungeon |   4309 |   4241 |     68 |    329 |   3414 |   5 |  861.8 |
               +--------+--------+--------+--------+--------+-----+--------+

Top non-repeatable levels by time:
     D:4: 1326 daAuts
     D:3: 1005 daAuts
     D:1: 885 daAuts
     D:2: 860 daAuts
     D:5: 231 daAuts
